Map: 蓝移-天梯版

Players

IIIIIIIII

  • Race: Terran Terran

电脑难度(新手) - Winner!

  • Race: Protoss Protoss

VOD

Have the link to the VOD?

Description

Time

  • Played on: Dec. 24, 2018, 7:49 p.m.
  • Length: 10:13
Show
View Real Time Build Order
Export as new Build Order

IIIIIIIII Terran 

Build Orders: Reaper Expand 

Get SALT Encoding   

  12  0:01  SCV  
  13  0:13  SCV  
  14  0:18  Supply Depot  
  14  0:25  SCV  
  15  0:41  Refinery, Barracks  
  15  0:44  SCV  
  16  0:56  SCV  
  17  1:10  SCV  
  18  1:22  SCV  
  19  1:28  Reaper  
  20  1:37  Orbital Command  
  20  1:51  Command Center  
  20  2:03  Supply Depot  
  20  2:06  Barracks Tech Lab  
  20  2:08  SCV  
  21  2:16  Factory  
  21  2:25  Marauder  
  23  2:30  Refinery  
  23  2:32  SCV  
  24  2:44  SCV  
  24  2:46  Marauder  
  27  3:02  SCV  
  27  3:04  Orbital Command  
  28  3:12  Cyclone  
  31  3:14  SCV  
  31  3:16  Barracks Reactor  
  32  3:26  SCV  
  33  3:32  SCV  
  34  3:38  SCV  
  34  3:40  Command Center  
  35  3:44  Cyclone, SCV  
  39  3:51  Supply Depot, SCV  
  39  3:53  Marine  
  39  3:55  Marine  
  42  3:56  SCV  
  43  4:04  SCV  
  43  4:05  Bunker  
  44  4:11  SCV  
  45  4:18  SCV  
  45  4:23  Stimpack, SCV  
  45  4:24  Marine, Widow Mine x2, Supply Depot  
  51  4:30  SCV  
  53  4:34  Starport  
  53  4:35  SCV  
  54  4:45  Supply Depot  
  54  4:46  SCV  
  54  4:47  SCV  
  54  4:48  Marine, Widow Mine x2  
  54  4:50  Refinery  
  54  4:52  Refinery  
  61  4:55  Orbital Command  
  61  4:58  SCV  
  62  5:04  SCV  
  63  5:10  SCV  
  63  5:11  Starport Reactor  
  64  5:15  Armory  
  64  5:16  SCV  
  65  5:22  Factory Tech Lab, SCV  
  65  5:23  Marine  
  65  5:25  SCV  
  68  5:28  SCV  
  68  5:33  Barracks  
  68  5:34  Barracks, SCV  
  70  5:37  SCV  
  70  5:41  SCV  
  72  5:43  Engineering Bay  
  72  5:47  Widow Mine, SCV  
  75  5:53  SCV  
  75  5:54  Starport Reactor  
  75  5:55  Engineering Bay  
  75  5:56  Orbital Command  
  77  6:00  SCV  
  77  6:08  Terran Ship Weapons Level 1  
  77  6:09  Terran Infantry Weapons Level 1  
  77  6:10  Marine  
  80  6:11  Widow Mine  
  80  6:12  Refinery, Drilling Claws  
  80  6:14  Refinery, SCV  
  80  6:15  Supply Depot  
  81  6:20  SCV  
  81  6:21  Supply Depot  
  81  6:23  SCV  
  83  6:26  SCV, Liberator  
  83  6:28  Marine  
  85  6:36  Marine x4  
  85  6:37  SCV x2  
  85  6:38  Barracks x2, SCV  
  92  6:40  Terran Infantry Armor Level 1  
  92  6:43  Medivac  
  92  6:46  Supply Depot  
  97  6:47  Supply Depot  
  97  6:49  SCV x2  
  97  6:50  SCV  
  97  6:53  Supply Depot  
  100  6:55  Marine  
  101  7:05  Combat Shield  
  101  7:06  Fusion Core, Starport  
  101  7:07  Marine x3  
  101  7:08  SCV  
  105  7:16  Supply Depot  
  105  7:17  Marine, SCV x2, Liberator x2  
  105  7:18  Marine  
  105  7:20  Widow Mine  
  111  7:23  Supply Depot  
  111  7:25  Marine  
  111  7:26  Barracks Reactor  
  111  7:27  Barracks Reactor  
  113  7:33  Marine  
  119  7:41  Missile Turret  
  119  7:49  Marine x3  
  119  7:50  SCV  
  119  7:51  SCV  
  124  7:52  Factory Reactor  
  124  7:53  Advanced Ballistics  
  124  7:54  Supply Depot, Raven  
  126  8:00  Supply Depot, Marine  
  126  8:01  Marine  
  126  8:04  Sensor Tower  
  126  8:05  Liberator  
  128  8:07  Marine  
  128  8:09  Supply Depot  
  128  8:11  Marine  
  128  8:12  Marine x5  
  135  8:24  Marine x2, Supply Depot, Concussive Shells  
  135  8:25  Liberator  
  135  8:26  Supply Depot  
  140  8:27  Marine  
  140  8:29  Marine  
  140  8:32  Widow Mine x2  
  140  8:33  Liberator  
  146  8:41  Marine x3  
  148  8:47  Command Center  
  152  8:51  Marine x2  
  152  8:53  Widow Mine  
  159  9:00  Marine  
  159  9:01  Marine x3  
  163  9:07  Supply Depot  
  163  9:09  Supply Depot  
  163  9:11  Marine  
  163  9:13  Marine x2  
  163  9:16  Missile Turret  
  166  9:17  Marine x2  
  166  9:23  Factory Reactor  
  168  9:29  Missile Turret x3  
  168  9:30  Marine x2, Missile Turret  
  168  9:31  Marine x2  
  178  9:43  Marine  
  178  9:44  Marine x2  
  187  9:52  Marine x2  
  189  9:54  Missile Turret  
  189  9:55  Missile Turret  
  189  9:58  Missile Turret  
Show
View Real Time Build Order
Export as new Build Order

电脑难度(新手) Protoss - Winner!

Build Orders: 1 Gate Expand, Nexus First 

Get SALT Encoding   

  12  0:00  Probe  
  13  0:13  Probe  
  14  0:18  Pylon  
  14  0:43  Gateway  
  14  1:01  Nexus  
  14  1:20  Pylon  
  14  1:21  Zealot  
  14  1:24  Assimilator  
  16  1:36  Cybernetics Core  
  16  1:37  Probe  
  17  1:50  Probe  
  18  1:59  Assimilator  
  18  2:00  Probe  
  18  2:05  Stalker  
  19  2:08  Probe  
  22  2:17  Probe  
  22  2:22  Probe  
  23  2:24  Warp Gate  
  24  2:31  Probe  
  25  2:38  Probe  
  26  2:45  Probe, Assimilator  
  26  2:49  Pylon  
  27  2:53  Probe  
  28  3:00  Probe  
  28  3:03  Probe  
  30  3:13  Probe  
  30  3:14  Robotics Facility  
  31  3:25  Zealot  
  33  3:28  Probe  
  33  3:32  Probe  
  35  3:43  Probe  
  36  3:50  Probe  
  37  3:57  Probe  
  37  4:02  Observer  
  39  4:04  Probe  
  40  4:11  Probe  
  41  4:19  Probe  
  41  4:23  Observer  
  43  4:26  Assimilator, Probe  
  44  4:33  Probe  
  44  4:36  Pylon  
  44  4:38  Sentry  
  47  4:40  Probe  
  48  4:47  Probe  
  49  4:54  Probe  
Tags
 
Add a new tag
Caveats
  • Supply blocks, unpowered buildings, or Contaminate may cause inaccurate times.
  • Supply counts are checked every 10 seconds.